 Dungeon Crawl Stone Soup version 0.25-a0-665-ga69d64035b (webtiles) character file.

Game seed: 18229645613853683326, levelgen mode: deterministic

88 kae the Gusty (level 4, 0/36 HPs)
             Began as a Tengu Air Elementalist on Mar 26, 2020.
             Slain by Sigmund
             ... wielding a +0 scythe
              (3 damage)
             ... on level 3 of the Dungeon.
             The game lasted 00:02:51 (3068 turns).

kae the Gusty (Tengu Air Elementalist)              Turns: 3068, Time: 00:02:52

Health: 0/36       AC: 22    Str:  8    XL:     4   Next: 53%
Magic:  0/9        EV:  2    Int: 17    God:
Gold:   122        SH:  0    Dex: 14    Spells: 2/8 levels left

rFire    . . .     SeeInvis +   d - +0 dagger
rCold    . . .     Gourm    .   (no shield)
rNeg     + + +     Faith    .   (armour currently unavailable)
rPois    +         Spirit   .   (helmet currently unavailable)
rElec    .         Reflect  .   (cloak currently unavailable)
rCorr    .         Harm     .   (gloves currently unavailable)
MR       .....     NoTele   +   (boots unavailable)
Stlth    ++........             (no amulet)
HPRegen  0.12/turn              q - ring of poison resistance
MPRegen  0.11/turn              o - ring of see invisible

@: tree-form, stab, very slightly contaminated, invisible (expiring)
A: no striking features
a: no special abilities


You were on level 3 of the Dungeon.
You were hungry.
You were a tree.
You visited 1 branch of the dungeon, and saw 3 of its levels.

You collected 122 gold pieces.

Inventory:

Hand Weapons
 d - a +0 dagger (weapon)
Armour
 a - a +1 robe (melded)
Jewellery
 m - an uncursed ring of flight
 o - a ring of see invisible (right branch)
 q - a ring of poison resistance (left branch)
Scrolls
 b - a scroll of amnesia
 g - 2 scrolls of enchant armour
 i - a scroll of teleportation
 l - 6 scrolls of remove curse
Potions
 f - a potion of stabbing
 h - 3 potions of flight
 k - a potion of lignification
Comestibles
 c - 6 rations


   Skills:
 - Level 2.1 Dodging
 - Level 2.0 Stealth
 + Level 2.6 Spellcasting
 * Level 4.1 Conjurations
 + Level 4.8 Air Magic


You had 2 spell levels left.
You knew the following spells:

 Your Spells              Type           Power        Failure   Level  Hunger
a - Shock                 Conj/Air       ###.         3%          1    #......
b - Static Discharge      Conj/Air       ###.....     9%          3    ###....
c - Swiftness             Chrm/Air       ##......     10%         2    ##.....

Your spell library contained the following spells:

 Spells                   Type           Power        Failure   Level  Hunger
 Airstrike                Air            ###.......   24%         4    #####..
 Lightning Bolt           Conj/Air       ###.......   63%         5    ######.


Dungeon Overview and Level Annotations

Branches:
Dungeon (3/15)

Altars:
Qazlal
Trog
Xom
Zin

Annotations:
D:3 Sigmund


Innate Abilities, Weirdness & Mutations

((You have a beak for a mouth.))
((You have claws for feet.))


Message History

Sigmund hits you but does no damage.
You're too confused to cast spells.
You're too confused to cast spells.
You're too confused to cast spells.
You're too confused to cast spells.
You're too confused to cast spells.
You feel ready to backstab. Sigmund hits you but does no damage.
You cannot move. (Use ctrl+direction or * direction to attack without moving.)
You swing at nothing.
You feel less confused.
Casting: Shock (safe; 3% risk of failure)
Confirm with . or Enter, or press ? or * to list all spells.
Aiming: Shock (safe; 3% risk of failure)
Press: ? - help, Shift-Dir - straight line, f/p - Sigmund
Aim: Sigmund, wielding a +0 scythe and wearing a +0 robe (almost dead, slightly transparent)
The zap hits Sigmund.
Sigmund is almost dead.
Sigmund hits you from afar with a +0 scythe.
You die...

..##..#.## #.# *,* *,*
#.##.....######.## *,*
*,* .................#
*,*****,*
####.....######(.#
*,,,,,,,* ***#..#.##
#..# *,,******
,,,...#.# #..# *,,*
***#.##.# #..#
*,,******** *
#.#*,*######).#
*,,,,,,,,,* *
#..,,........♣#
*,,**,***,* *
*##**.#######.# *,,**,*
*,* * *,* #@# *,,**,*
*,* * *,* #l# *,,**,*
*,* * *,* *#.#**,,,,,*
*,* * *,* *.<.,,,,,,**
*,* *
*,******.#.**,,,,* *,*
*
*,,,,,,,.*.**,,,,****,*
*
*,*****##,.@*,,,,,,,,,*


You could see Sigmund (invisible) and a leopard gecko.

Vanquished Creatures
  An adder (D:2)
  2 oozes
  2 worms (D:2)
  4 dart slugs (D:1)
  3 giant cockroaches
  9 goblins
  4 hobgoblins
  2 jackals (D:2)
  8 bats
  3 frilled lizards
  10 kobolds
  7 rats
55 creatures vanquished.

Notes
Turn   | Place    | Note
-------+----------+-------------------------------------------
     0 | D:1      | kae the Tengu Air Elementalist began the quest for the Orb.
     0 | D:1      | Reached XP level 1. HP: 10/10 MP: 4/4
    77 | D:1      | Reached XP level 2. HP: 4/15 MP: 1/6
   823 | D:1      | Reached XP level 3. HP: 18/19 MP: 4/7
   840 | D:1      | Learned a level 3 spell: Static Discharge
   843 | D:1      | Learned a level 2 spell: Swiftness
  1900 | D:2      | Reached XP level 4. HP: 22/24 MP: 0/8
  2132 | D:2      | Found a stormy altar of Qazlal.
  2979 | D:3      | Found a shimmering altar of Xom.
  2979 | D:3      | Found a glowing silver altar of Zin.
  2979 | D:3      | Found a bloodstained altar of Trog.
  2979 | D:3      | Found a stormy altar of Qazlal.
  3031 | D:3      | Noticed Sigmund
  3068 | D:3      | Slain by Sigmund

Levels and vault maps discovered:
D:1:      dpeg_arrival_tiny_g, layout_basic, st_stairs_1, hex_large
D:2:      kennysheep_the_goblin_king, layout_loops_ring, serial_forest,
          infiniplex_forest_clump_diagonal, infiniplex_forest_clump_diagonal,
          infiniplex_forest_clump_cross, infiniplex_forest_clump_curved,
          infiniplex_forest_lined_corner, infiniplex_forest_clump_C,
          infiniplex_forest_straight_2, infiniplex_forest_clump_medium,
          grunt_qazlal_clouds
D:3:      layout_loops_ring, chequers_temple_overflow_statue_of_worship,
          uniq_sigmund

Skill      XL: |  1  2  3  4 |
---------------+-------------+-----
Conjurations   | 2 3 4 |  4.1
Dodging        | |  2.1
Stealth        | |  2.0
Spellcasting   | |  2.6
Air Magic      | |  4.8

Action                   |  1- 3 |  4- 6 || total
-------------------------+-------+-------++-------
Melee: Unarmed           |    24 |       ||    24
       Kick              |     8 |       ||     8
       Dagger            |     9 |       ||     9
       Peck              |     3 |       ||     3
 Cast: Shock             |    61 |    41 ||   102
       Static Discharge  |     2 |       ||     2
  Use: Scroll            |     5 |     3 ||     8
       Potion            |       |     5 ||     5
  Eat: Chunk             |     4 |     3 ||     7
Armor: Robe              |     8 |     2 ||    10
       Skin              |       |    12 ||    12
Dodge: Dodged            |    31 |     4 ||    35

Table legend:
 A = Non-vault XP
 B = Vault XP
 C = Vault XP percentage of total XP
 D = Non-vault monster count
 E = Vault monster count
 F = Vault count percentage of total count
                 A         B        C        D         E       F
            +---------+---------+-------+---------+---------+-------
      Total |     102 |      24 |  19.0 |      46 |       9 |  16.4
            +---------+---------+-------+---------+---------+-------
        D:1 |      42 |      18 |  30.0 |      22 |       6 |  21.4
        D:2 |      53 |       6 |  10.2 |      19 |       3 |  13.6
        D:3 |       7 |       0 |   0.0 |       5 |       0 |   0.0
            +---------+---------+-------+---------+---------+-------
